 Dungeon Crawl Stone Soup version 0.31.0-11-ge490571c62 (webtiles) character file.

Game seed: 10685802376765070434

16 jagang the Trooper (level 2, -2/24 HPs)
             Began as a Human Monk on Feb 7, 2024.
             Slain by a goblin
             ... wielding a +0 club
             ... led by Robin
              (3 damage)
             ... on level 1 of the Dungeon.
             The game lasted 00:01:01 (521 turns).

jagang the Trooper (Human Monk)                      Turns: 521, Time: 00:01:01

Health: -2/24      AC:  3    Str: 11    XL:     2   Next: 58%
Magic:  2/2        EV: 12    Int: 10    God:
Gold:   58         SH:  0    Dex: 15    Spells: 1/1 levels left

rFire   . . .        a - +0 falchion
rCold   . . .        d - orb {light}
rNeg    . . .        f - +0 leather armour
rPois   .            (no helmet)
rElec   .            (no cloak)
rCorr   .            (no gloves)
SInv    .            (no boots)
Will    .....        (no amulet)
Stlth   +            (no ring)
HPRegen 0.24/turn    (no ring)
MPRegen 0.08/turn

%: no passive effects
@: glowing
A: explore regen
a: no special abilities


You were on level 1 of the Dungeon.
You visited 1 branch of the dungeon, and saw 2 of its levels.

You collected 58 gold pieces.

Inventory:

Hand Weapons
 a - a +0 falchion (weapon)
Armour
 b - a +0 robe
 d - an orb of light (worn)
 f - a +0 leather armour (worn)
Scrolls
 e - a scroll of vulnerability {unknown}
 g - a scroll of identify {unknown}
Potions
 c - a potion of ambrosia


   Skills:
 * Level 3.3 Fighting
 * Level 3.3 Long Blades
 + Level 0.7 Armour
 - Level 3.0 Dodging


You had one spell level left.
You didn't know any spells.
Your spell library contained the following spells:

 Spells                   Type           Power      Damage    Failure   Level
 Shock                    Conj/Air       0%         1d3       45%         1
 Swiftness                Air            0%         N/A       83%         3
 Airstrike                Air            0%         2d(0-16)  99%         4


Dungeon Overview and Level Annotations

Branches:
Dungeon (2/15)

Altars:

Annotations:
D:2 Robin


Innate Abilities, Weirdness & Mutations

You regain HP and MP as you explore.


Message History

Robin hits you from afar with a +0 spear.
You climb upwards.
There is a stone staircase leading down here.
You hit the goblin.
The goblin is moderately wounded.
The goblin hits you but does no damage. The goblin hits you with a +0 dagger.
The goblin hits you but does no damage.
You are too injured to fight recklessly!
You are too injured to fight recklessly!
You are too injured to fight recklessly!
You are too injured to fight recklessly!
You are too injured to fight recklessly!
You are too injured to fight recklessly!
You are too injured to fight recklessly!
You are too injured to fight recklessly!
You are too injured to fight recklessly!
You are too injured to fight recklessly!
You are too injured to fight recklessly!
You are too injured to fight recklessly!
You are too injured to fight recklessly!
You are too injured to fight recklessly!
You are too injured to fight recklessly!
You are too injured to fight recklessly!
You are too injured to fight recklessly!
You are too injured to fight recklessly!
You hit the goblin.
The goblin is severely wounded.
The goblin hits you with a +0 dagger. x2
The goblin hits you but does no damage. x2; The goblin closely misses you.
The goblin hits you with a +0 club.
* * * LOW HITPOINT WARNING * * *
You completely miss the goblin.
The goblin is severely wounded.
The goblin barely misses you. x2; The goblin hits you with a +0 club.
* * * LOW HITPOINT WARNING * * *
You barely miss the goblin.
The goblin is heavily wounded.
The goblin hits you but does no damage. The goblin misses you.
The goblin hits you with a +0 club.
You die...

# #####.......# #....)#
###...........# #.....#
##....†.......# #...>.#
....######...## ###.##.## ##..#
#.#..# #...##..####
....######.##.# #.#####....#
...........##.####.######...###
##+#######'####g......# #.....#
##.........## #g@..##.###.....#
#...#####...###).g............#
.#.#.###.#.#.#######.####.#...#
##.##.#.##.##.## #.####.#...#
##.###.###.###.#####..........#
##.##.#.##.####.##....##..#...#
..<..###.........'.#.###.##.).#
##.### ###.####..#.....#.##...#
##.# #.###.#.#.......##...#


You could see 3 goblins.

Vanquished Creatures
  2 ball pythons (D:1)
  2 bats (D:1)
  A giant cockroach (D:1)
  4 goblins
  2 hobgoblins (D:1)
  A kobold (D:1)
12 creatures vanquished.

Notes
Turn   | Place    | Note
-------+----------+-------------------------------------------
     0 | D:1      | jagang the Human Monk began the quest for the Orb.
     0 | D:1      | Reached XP level 1. HP: 18/18 MP: 1/1
   220 | D:1      | Reached XP level 2. HP: 24/24 MP: 2/2
   419 | D:2      | Noticed Robin
   520 | D:1      | HP: 1/24 [goblin/+0 club[Robin] (4)]
   521 | D:1      | Slain by a goblin

Illustrated notes

Levels and vault maps discovered:
D:1:      roderic_octagonal_star, layout_rooms, chequers_serial_rivers_micro_e
D:2:      layout_rooms, uniq_robin

Action                     || total
---------------------------++-------
  Melee: Falchion          ||    36
 Armour: Leather armour    ||    39
         Robe              ||     1
  Dodge: Dodged            ||    21
